 Dungeon Crawl Stone Soup version 0.28.0-62-gf88900778d (webtiles) character file.

Game seed: 15793908465365938670

945 DemonSlayer the Digger (level 7, -9/42 (47) HPs)
             Began as a Demonspawn Earth Elementalist on Mar 16, 2023.
             Mangled by an ogre
             ... wielding a +0 giant club
              (27 damage)
             ... on level 4 of the Dungeon.
             The game lasted 00:11:46 (5393 turns).

DemonSlayer the Digger (DsEE)                       Turns: 5393, Time: 00:11:47

HP:   -9/42 (47)    AC:  3    Str:  8    XL:     7   Next: 89%
MP:   14/14         EV: 12    Int: 17    God:
Gold: 184           SH:  0    Dex: 15    Spells: 5/15 levels left

rFire   . . .      SeeInvis .   d - +1 dagger
rCold   . . .      Faith    .   (no shield)
rNeg    . . .      Spirit   .   m - +1 robe {Will+}
rPois   .          Reflect  .   (helmet restricted)
rElec   .          Harm     .   k - scarf {+Inv}
rCorr   .          Rampage  .   (no gloves)
Will    +....                   (no boots)
Stlth   +++.......              (no amulet)
HPRegen 0.14/turn               (no ring)
MPRegen 0.14/turn               (no ring)

@: heavily drained
A: claws 1, horns 1, powered by death 1, demonic magic 1
a: Evoke Invisibility


You were on level 4 of the Dungeon.
You visited 1 branch of the dungeon, and saw 5 of its levels.

You collected 184 gold pieces.

Inventory:

Hand Weapons
 d - a +1 dagger (weapon)
Missiles
 j - 20 sling bullets
Armour
 k - a scarf of invisibility (worn)
 m - a +1 robe of willpower (worn)
Wands
 e - a wand of iceblast (8)
Scrolls
 c - a scroll of torment {unknown}
Potions
 a - 2 potions of curing {unknown}


   Skills:
 + Level 0.9 Fighting
 + Level 1.6 Short Blades
 + Level 2.4 Dodging
 + Level 4.7 Stealth
 + Level 4.8 Spellcasting
 + Level 0.9 Transmutations
 + Level 5.5 Earth Magic


You had 5 spell levels left.
You knew the following spells:

 Your Spells              Type           Power      Damage    Failure   Level
a - Sandblast             Erth           44%        2d11      1%          1
b - Passwall              Tmut/Erth      12%        N/A       6%          2
c - Stone Arrow           Conj/Erth      26%        3d8       14%         3
d - Petrify               Tmut/Erth      15%        N/A       36%         4

Your spell library contained the following spells:

 Spells                   Type           Power      Damage    Failure   Level
 Summon Small Mammal      Summ           16%        N/A       14%         1
 Call Canine Familiar     Summ           4%         N/A       41%         3
 Summon Guardian Golem    Hex/Summ       4%         N/A       41%         3
 Chain Lightning          Conj/Air       2%         3d2       100%        9
 Fire Storm               Conj/Fire      2%         8d1       100%        9
 Shatter                  Erth           11%        3d12*     100%        9


Dungeon Overview and Level Annotations

Branches:
Dungeon (5/15)
 Temple: D:4-7

Altars:
Sif Muna

Shops:
D:1 ?


Innate Abilities, Weirdness & Mutations

You have sharp fingernails.
You have a pair of small horns on your head.
You regenerate a little health from kills.
Spells you cast may paralyse adjacent enemies.


Message History

Casting: Sandblast (safe; 1% risk of failure)
Confirm with . or Enter, or press ? or * to list all spells.
You don't have any stones to cast with.
Okay, then.
Blink to where?
Press: ? - help, Dir - move target
As you read the scroll of blinking, it crumbles to dust.
An orc warrior is nearby!
An orc warrior is nearby!
An orc priest comes into view. It is wielding a +0 club.
The orc priest moves out of view.
An orc comes into view. It is wielding a +0 dagger.
The orc priest shouts!
You hear a shout!
You feel drained.
You fade into invisibility!
You are very lightly contaminated with residual magic.
You see here a black bear skeleton.
An orc comes into view. It is wielding a +0 long sword.
The orc moves out of view.
You flicker for a moment.
An orc wizard comes into view. It is wielding a +0 dagger.
The orc shouts! x2
The orc wizard moves out of view.
You flicker back into view.
An orc comes into view.
It is wielding a +0 trident and carrying a wand of iceblast (9).
There is a stone staircase leading up here.
You climb upwards.
The ogre closely misses you. The ogre barely misses you.
There is a stone staircase leading down here.
Your magical contamination has completely faded away.
Found a stone staircase leading down.
The ogre closely misses you. The ogre closely misses you.
There is a stone staircase leading down here.
The ogre hits you with a +0 giant club!!
Ouch! That really hurt!
You see here 16 gold pieces.
There is a stone staircase leading down here.
The ogre hits you with a +0 giant club!!
Ouch! That really hurt!
You die...

#######....#####.. ...
##...........# ##.####.##
##..###..#.##............#
###....##.<..######........#
...........#..# #........#
..............# #.....)[[#
..............# #######.####
...###........#####..........#
...# ##.........@............#
...###.......###.O...........#
.†.##..##.#### #.............#
.)....##..# ###....########
...#####.## ##...>.......##
....# #. ##.............##
.##.# #...............# ## .#
#.....$.........# .#
#...............#


You could see an ogre.

Vanquished Creatures
  Prince Ribbit (D:5)
  Sigmund (D:5)
  Edmund (D:5)
  A black bear (D:5)
  Ijyb (D:5)
  Terence (D:3)
  2 iguanas
  3 orc wizards
  A hound skeleton (D:3)
  4 gnolls
  8 adders
  An ufetubus (D:5)
  A worm (D:2)
  2 dart slugs
  12 orcs
  7 endoplasms
  A giant cockroach (D:1)
  5 goblins
  9 hobgoblins
  3 kobolds
  3 quokkas
  5 ball pythons
  3 bats (D:3)
  5 frilled lizards
  8 rats
89 creatures vanquished.

Notes
Turn   | Place    | Note
-------+----------+-------------------------------------------
     0 | D:1      | DemonSlayer the Demonspawn Earth Elementalist began the
                  | quest for the Orb.
     0 | D:1      | Reached XP level 1. HP: 13/13 MP: 3/3
   216 | D:1      | Found Vygohedd's Magic Scroll Emporium.
   279 | D:1      | Gained mutation: You regenerate a little health from kills.
                  | [demonic ancestry]
   279 | D:1      | Reached XP level 2. HP: 19/19 MP: 1/5
   348 | D:1      | Reached skill level 3 in Earth Magic
   540 | D:1      | Discovered your monstrous ancestry.
   540 | D:1      | Gained mutation: You have sharp fingernails. [demonic
                  | ancestry]
   540 | D:1      | Reached XP level 3. HP: 24/24 MP: 4/6
   774 | D:1      | Found a faded altar of an unknown god.
   959 | D:1      | Learned a level 2 spell: Passwall
   963 | D:1      | Learned a level 3 spell: Stone Arrow
  2001 | D:2      | HP: 1/24 [gnoll/+0 spear (8)]
  2278 | D:3      | Gained mutation: Spells you cast may paralyse adjacent
                  | enemies. [demonic ancestry]
  2278 | D:3      | Reached XP level 4. HP: 30/30 MP: 4/7
  2404 | D:3      | Noticed Terence
  2409 | D:3      | Killed Terence
  2780 | D:3      | Reached XP level 5. HP: 35/35 MP: 7/9
  3348 | D:3      | Learned a level 4 spell: Petrify
  3934 | D:2      | Reached skill level 4 in Earth Magic
  4741 | D:4      | Noticed an ogre
  4747 | D:4      | Gained mutation: You have a pair of small horns on your
                  | head. [demonic ancestry]
  4747 | D:4      | Reached XP level 6. HP: 17/41 MP: 8/11
  4754 | D:5      | Entered Level 5 of the Dungeon
  5081 | D:5      | Noticed Edmund
  5081 | D:5      | Noticed Sigmund
  5084 | D:5      | Reached skill level 1 in Short Blades
  5094 | D:5      | Killed Edmund
  5095 | D:5      | Reached XP level 7. HP: 36/47 MP: 4/13
  5097 | D:5      | Killed Sigmund
  5098 | D:5      | Reached skill level 5 in Earth Magic
  5183 | D:5      | Noticed Ijyb
  5191 | D:5      | Killed Ijyb
  5237 | D:5      | Noticed Prince Ribbit
  5242 | D:5      | Killed Prince Ribbit
  5286 | D:5      | Found a shimmering blue altar of Sif Muna.
  5393 | D:4      | Mangled by an ogre

Illustrated notes

Levels and vault maps discovered:
D:1:      ncdulo_watergridlock, layout_basic, serial_shops,
          nicolae_shop_window_shopping, ebering_ecumenical_altar_sacrificial
D:2:      layout_basic, minmay_tiny_reverse_x
D:3:      layout_basic, uniq_terence
D:4:      layout_rooms, mainiacjoe_overflow_small_starburst,
          lemuel_mausoleum_altar_kikubaaqudgha
D:5:      layout_cave_pools, nzn_overflow_gifts_of_might_and_magic,
          grunt_tough_drop, uniq_sigmund, uniq_ijyb, uniq_edmund,
          uniq_prince_ribbit1

Skill      XL: |  1  2  3  4  5  6  7 |
---------------+----------------------+-----
Stealth        | 2 3 4 |  4.7
Earth Magic    | 3 4 5 |  5.5
Spellcasting   | 3 4 |  4.8
Dodging        | 2 |  2.4
Short Blades   | 1 |  1.6
Fighting       | |  0.9
Transmutations | |  0.9

Action                   |  1- 3 |  4- 6 |  7- 9 || total
-------------------------+-------+-------+-------++-------
Melee: Unarmed           |     1 |       |       ||     1
       Dagger            |    31 |    37 |     6 ||    74
       Headbutt          |       |     2 |       ||     2
 Cast: Sandblast         |    50 |    66 |    10 ||   126
 Abil: Evoke Invisibilit |       |       |     1 ||     1
  Use: Scroll            |       |     5 |     1 ||     6
 Stab: Sleeping          |     8 |     1 |       ||     9
       Paralysed         |       |    16 |     6 ||    22
Armor: Robe              |     7 |     8 |       ||    15
Dodge: Dodged            |    26 |    24 |     6 ||    56
